 Dungeon Crawl Stone Soup version 0.19.0-9-gfd783f2 (webtiles) character file.

4315 Exaltedone87 the Cleaver (level 10, -4/91 HPs)
             Began as a Mottled Draconian Berserker on Nov 7, 2016.
             Was a High Priest of Trog.
             Slain by a killer bee (6 damage)
             ... on level 9 of the Dungeon.
             The game lasted 00:20:53 (7727 turns).

Exaltedone87 the Cleaver (DrBe)                     Turns: 7727, Time: 00:20:53

Health: -4/91      AC: 11    Str: 24    XL:     10   Next: 11%
Magic:  0/10       EV: 16    Int:  8    God:    Trog [*****.]
Gold:   431        SH:  0    Dex: 11    Spells: 0 memorised, 9 levels left

rFire  . . .     SeeInvis .     i - +1 hand axe (vamp)
rCold  + . .     Gourm    .     (armour unavailable)
rNeg   . . .     Faith    .     (no shield)
rPois  .         Spirit   +     (helmet restricted)
rElec  .         Reflect  .     y - +0 cloak
rCorr  .         Harm     .     w - +1 pair of gloves
MR     +++..                    (no boots)
Stlth  +.........               o - amulet of guardian spirit
                                n - ring of protection from cold
                                l - ring of protection from magic

@: lethally poisoned (-4 -> -4), exhausted, regenerating, drained
A: breathe sticky flame splash, unfitting armour, talons 1, shaggy fur 1, strong
1, wild magic 1, cold-blooded, AC +7
a: Breathe Sticky Flame, Berserk, Trog's Hand, Brothers in Arms, Burn
Spellbooks, Renounce Religion


You were on level 9 of the Dungeon.
You worshipped Trog.
Trog was extremely pleased with you.
You were not hungry.

You visited 1 branch of the dungeon, and saw 9 of its levels.

You collected 431 gold pieces.

Inventory:

Hand Weapons
 a - a +0 hand axe
 i - a +1 vampiric hand axe (weapon)
 k - a +1 war axe of flaming
 s - the +5 mace of Mytres {elec, Fragile rElec MR+ Str+4, unknown}
   (You found it on level 5 of the Dungeon)

   Occasionally, upon striking a foe, it will discharge some electrical energy
   and cause terrible harm.
   It affects your strength (+4).
   It insulates you from electricity.
   It affects your resistance to hostile enchantments.
   It will be destroyed if unequipped.
Armour
 w - a +1 pair of gloves (worn)
 y - a +0 cloak (worn)
Jewellery
 l - a ring of protection from magic (left hand)
 n - a ring of protection from cold (right hand)
 o - an amulet of guardian spirit (around neck)
 t - a +2 ring of slaying {unknown}
 C - a cursed ring of loudness {unknown}
Wands
 p - a wand of random effects (34/48)
 r - a wand of iceblast (10/15)
 A - a wand of acid (8/15)
Scrolls
 c - a scroll of magic mapping
 g - 4 scrolls of remove curse
 m - 5 scrolls of teleportation
 z - a scroll of recharging
Potions
 e - a potion of cure mutation
 f - a potion of lignification
 h - a potion of might
 j - 7 potions of curing
 q - a potion of haste
 u - a potion of flight
Comestibles
 b - 6 bread rations
 d - 4 meat rations


   Skills:
 + Level 9.1(8.5) Fighting
 + Level 9.6(9.0) Axes
 * Level 8.4(7.8) Dodging


You had 9 spell levels left.
You didn't know any spells.

Dungeon Overview and Level Annotations

Branches:
Dungeon (9/15)             Temple (0/1) D:4            Lair (0/6) D:9
    Orc: D:9-12

Altars:
Ashenzari
Dithmenos
Elyvilon
Fedhas
Hepliaklqana
Okawaru
Trog
Vehumet
Xom

Annotations:
D:7 exclusion: statue


Innate Abilities, Weirdness & Mutations

You can spit globs of burning liquid.
You can ignite nearby creatures when you spit burning liquid.
Your weird mottled scales are hard. (AC +7)
You cannot fit into any form of body armour.
You are cold-blooded and may be slowed by cold attacks.
You have sharp toenails.
You are covered in fur. (AC +1)
Your muscles are strong. (Str +2)
Your spells are a little harder to cast, but a little more powerful.


Message History

The killer bee is heavily wounded.
You hit the killer bee.
You feel better.
You hit the killer bee.
You feel sick. The killer bee misses you. The killer bee closely misses you.
The killer bee stings you!
* * * LOW HITPOINT WARNING * * *
You are lethally poisoned!
The killer bee poisons you!
The killer bee stings you but does no damage.
Your skin crawls.
You feel resistant to hostile enchantments.
You feel somewhat more hungry.
You feel sick. The killer bee closely misses you.
The killer bee stings you but does no damage.
The killer bee misses you. The killer bee barely misses you.
The killer bee stings you but does no damage.
The killer bee stings you.
* * * LOW HITPOINT WARNING * * *
You feel sick. The killer bee closely misses you.
The killer bee barely misses you. The killer bee stings you.
You die...

###
....###########
...#.......#...##
##
......#.........##
8
...#..>..........#
#
.................#
#
.........y@......#
##
......[..yy.....##
8#
....y.).)..#...##
# .......†.#######
# ..######)#####
## #.
.######.....# 8# .
........###.###
##.
######........#
#.# ###.######


You could see 4 killer bees.

Vanquished Creatures
  The ghost of sandeep the Magician, a novice OpWz (D:6)
  A komodo dragon (D:9)
  A hungry ghost (D:9)
  A soldier ant (D:9)
  A water moccasin (D:7)
  An orc warrior (D:7)
  5 ice beasts
  A sky beast (D:7)
  A black bear (D:6)
  A phantom (D:8)
  2 centaurs
  5 ogres
  A big kobold (D:9)
  2 bullfrogs
  A water moccasin zombie (D:8)
  2 scorpions
  A wyvern skeleton (D:7)
  A killer bee (D:9)
  4 wights (D:9)
  2 howler monkeys (D:8)
  3 crimson imps
  2 bullfrog zombies
  2 quasits
  A hound (D:6)
  A centaur skeleton (D:6)
  4 jellies
  4 bullfrog skeletons
  6 orc priests
  6 orc wizards
  2 iguanas
  7 worker ants
  2 hound skeletons (D:7)
  Robin (D:2)
  A worker ant zombie (D:6)
  8 adders
  A shadow imp (D:7)
  An adder zombie (D:3)
  2 worms
  4 dart slugs
  3 leopard geckos
  43 orcs
  11 bats
  3 giant cockroaches
  12 goblins
  10 hobgoblins
  8 jackals
  4 quokkas
  A ball python (D:4)
  4 frilled lizards
  16 kobolds
  A quokka zombie (D:5)
  7 rats
216 creatures vanquished.

Vanquished Creatures (others)
  A plant (D:9)
1 creature vanquished.

Grand Total: 217 creatures vanquished

Notes
Turn   | Place    | Note
-------+----------+-------------------------------------------
     0 | D:1      | Exaltedone87 the Draconian Berserker began the quest for the Orb.
     0 | D:1      | Reached XP level 1. HP: 19/19 MP: 1/1
   692 | D:1      | Reached XP level 2. HP: 26/26 MP: 2/2
  1312 | D:2      | Reached XP level 3. HP: 26/31 MP: 3/3
  1394 | D:2      | Noticed Robin
  1398 | D:2      | Found a blossoming altar of Fedhas.
  1404 | D:2      | Reached ** piety under Trog
  1417 | D:2      | Killed Robin
  1511 | D:2      | Found a hazy altar of Hepliaklqana.
  1662 | D:2      | Reached XP level 4. HP: 23/40 MP: 4/4
  1679 | D:2      | Found a bloodstained altar of Trog.
  1689 | D:2      | Found an iron altar of Okawaru.
  2133 | D:3      | Reached XP level 5. HP: 38/47 MP: 5/5
  2328 | D:3      | Reached *** piety under Trog
  2774 | D:4      | Reached skill level 5 in Axes
  2774 | D:4      | Reached XP level 6. HP: 44/53 MP: 6/6
  2809 | D:4      | Found a staircase to the Ecumenical Temple.
  2960 | D:4      | Reached skill level 5 in Fighting
  3269 | D:5      | Entered Level 5 of the Dungeon
  3345 | D:5      | Noticed an ice beast
  3360 | D:5      | Killed an ice beast
  3360 | D:5      | Your scales start taking on a weird mottled colour.
  3360 | D:5      | Reached XP level 7. HP: 53/61 MP: 5/7
  3874 | D:5      | Got a transparent mace
  4156 | D:6      | Reached **** piety under Trog
  4163 | D:6      | Noticed sandeep's ghost (novice OpWz)
  4175 | D:6      | Killed sandeep's ghost
  4175 | D:6      | Reached skill level 5 in Dodging
  4175 | D:6      | Reached XP level 8. HP: 71/71 MP: 6/8
  4523 | D:6      | Gained mutation: Your spells are a little harder to cast, but a little more powerful. [potion of mutation]
  4523 | D:6      | Gained mutation: You have sharp toenails. [potion of mutation]
  4524 | D:6      | Gained mutation: You are covered in fur. (AC +1) [potion of mutation]
  4524 | D:6      | Gained mutation: Your muscles are strong. (Str +2) [potion of mutation]
  5205 | D:7      | Reached XP level 9. HP: 75/79 MP: 7/9
  5292 | D:7      | Found a radiant altar of Vehumet.
  5447 | D:7      | Found a shimmering altar of Xom.
  5449 | D:7      | Found a burning altar of Makhleb.
  5449 | D:7      | Found a shattered altar of Ashenzari.
  5451 | D:7      | Found a bloodstained altar of Trog.
  5451 | D:7      | Found a white marble altar of Elyvilon.
  5451 | D:7      | Found a shadowy altar of Dithmenos.
  6938 | D:8      | Found a faded altar of an unknown god.
  6938 | D:8      | Found a faded altar of an unknown god.
  6943 | D:8      | Found a faded altar of an unknown god.
  6945 | D:8      | Found a shattered altar of Ashenzari.
  6946 | D:8      | Found a faded altar of an unknown god.
  7371 | D:9      | Found a staircase to the Lair.
  7419 | D:9      | Reached ***** piety under Trog
  7523 | D:9      | Found a white marble altar of Elyvilon.
  7607 | D:9      | Reached XP level 10. HP: 65/90 MP: 4/10
  7725 | D:9      | HP: 3/91 [killer bee (6)]
  7726 | D:9      | HP: 1/91 [killer bee (2)]
  7727 | D:9      | Slain by a killer bee

Skill      XL: |  1  2  3  4  5  6  7  8  9 10 |
---------------+-------------------------------+-----
Dodging        | 3 4 5 6 8 |  8.4
Fighting       | 4 5 6 7 8 9 |  9.1
Axes           | 4 5 7 8 9 |  9.6

Action                   |  1- 3 |  4- 6 |  7- 9 | 10-12 || total
-------------------------+-------+-------+-------+-------++-------
Melee: Hand axe          |   151 |   181 |   491 |    46 ||   869
       Tailslap          |    19 |    25 |    72 |     9 ||   125
       Kick              |       |       |   132 |    14 ||   146
Invok: Berserk           |       |       |     2 |     1 ||     3
       Trog's Hand       |       |       |     2 |     2 ||     4
 Abil: Breathe Sticky Fl |       |       |     2 |       ||     2
  Use: Scroll            |     1 |     8 |     6 |       ||    15
       Potion            |       |     9 |     3 |     1 ||    13
  Eat: Meat ration       |     1 |     1 |     2 |       ||     4
       Beef jerky        |     1 |       |     1 |       ||     2
       Bread ration      |       |     1 |     1 |       ||     2
       Fruit             |       |       |     5 |       ||     5
Armor: Skin              |    49 |    62 |   133 |    22 ||   266
Dodge: Dodged            |   102 |   129 |   351 |    41 ||   623
